 Dungeon Crawl Stone Soup version 0.24-a0-201-gf205589 (console) character file.

Game seed: 12241002441213558447

6202 bli the Thaumaturge (level 10, -24/56 HPs)
             Began as a Deep Elf Earth Elementalist on Mar 16, 2019.
             Was a Believer of Vehumet.
             Annihilated by a spiny frog (35 damage)
             ... on level 1 of the Lair of Beasts on Mar 19, 2019.
             The game lasted 00:46:57 (9317 turns).

bli the Thaumaturge (Deep Elf Earth Elementalist)   Turns: 9317, Time: 00:46:58

Health: -24/56     AC:  6    Str:  5    XL:     10   Next: 61%
Magic:  23/28      EV: 16    Int: 24    God:    Vehumet [**....]
Gold:   323        SH:  0    Dex: 15    Spells: 16/33 levels left

rFire    . . .     SeeInvis .   a - +2 quarterstaff (chaos)
rCold    . . .     Gourm    .   (shield currently unavailable)
rNeg     + . .     Faith    .   c - +0 robe
rPois    .         Spirit   .   q - +1 hat
rElec    .         Reflect  .   g - +0 cloak
rCorr    .         Harm     .   p - +0 pair of gloves (curse)
MR       +....                  f - +0 pair of boots
Stlth    +++.......             (no amulet)
HPRegen  0.18/turn              F - ring of wizardry
MPRegen  0.21/turn              H - ring of positive energy

@: lethally poisoned (-24 -> -33)
A: no striking features
a: Renounce Religion


You were on level 1 of the Lair of Beasts.
You worshipped Vehumet.
Vehumet was pleased with you.
You were not hungry.

You visited 2 branches of the dungeon, and saw 10 of its levels.
You also visited: Ossuary.

You collected 427 gold pieces.
You spent 104 gold pieces at shops.

Inventory:

Hand Weapons
 a - a +2 quarterstaff of chaos (weapon)
 i - a +1 dagger of venom
 m - a +2 antimagic trident
 I - the +8 longbow "Zephyr" {speed, Dex+3 SInv}
   (You found it on level 9 of the Dungeon)

   Attacks with this weapon are significantly faster.
   It affects your dexterity (+3).
   It lets you see invisible.
 O - the +7 hand axe of Plog {freeze, rF+ MP-9 Str+2}
   (You found it on level 6 of the Dungeon)

   It has been specially enchanted to freeze those struck by it, causing extra
   injury to most foes and up to half again as much damage against particularly
   susceptible opponents.
   It can also slow down cold-blooded creatures.
   It affects your strength (+2).
   It protects you from fire.
   It affects your magic capacity (-9).
 Q - a +1 dagger of electrocution
 V - a +2 scimitar of electrocution
 W - a +1 short sword of draining
Missiles
 y - 5 needles of sleeping
 K - 133 stones (quivered)
 T - 119 arrows
Armour
 c - a +0 robe (worn)
 f - a +0 pair of boots (worn)
 g - a +0 cloak (worn)
 p - a cursed +0 pair of gloves (worn)
 q - a +1 hat (worn)
 v - a +1 leather armour of cold resistance
 R - a +0 cloak
 U - a +0 pair of gloves
 X - a +0 helmet
Magical Staves
 Z - an uncursed staff of cold
Jewellery
 F - a ring of wizardry (left hand)
 H - a ring of positive energy (right hand)
Wands
 b - a wand of acid (6)
 s - a wand of flame (8)
 t - a wand of disintegration (9)
 G - a wand of enslavement (6)
 N - a wand of paralysis (7)
 P - a wand of iceblast (18)
Scrolls
 h - 7 scrolls of remove curse
 j - 2 scrolls of fog {unknown}
 k - 6 scrolls of teleportation {unknown}
 n - 2 scrolls of amnesia {unknown}
 o - 14 scrolls of identify
 r - 2 scrolls of enchant armour {unknown}
 u - a scroll of holy word {unknown}
 z - 3 scrolls of enchant weapon {unknown}
 C - 2 scrolls of magic mapping {unknown}
 S - 2 scrolls of fear
Potions
 e - 6 potions of heal wounds {unknown}
 l - 4 potions of brilliance {unknown}
 w - a potion of magic {unknown}
 x - 2 potions of might {unknown}
 A - a potion of berserk rage {unknown}
 B - a potion of degeneration {unknown}
 D - 4 potions of haste {unknown}
 E - 7 potions of curing {unknown}
 J - a potion of ambrosia {unknown}
 L - a potion of cancellation {unknown}
 M - 2 potions of lignification
 Y - 2 potions of resistance {unknown}
Comestibles
 d - 19 rations


   Skills:
 + Level 3.0 Fighting
 + Level 2.8 Staves
 + Level 6.3 Dodging
 + Level 5.3 Stealth
 + Level 12.3 Spellcasting
 + Level 5.5 Conjurations
 + Level 0.1 Hexes
 + Level 1.1 Transmutations
 + Level 10.3 Earth Magic
 + Level 0.5 Poison Magic
 + Level 0.2 Evocations


You had 16 spell levels left.
You knew the following spells:

 Your Spells              Type           Power        Failure   Level  Hunger
a - Sandblast             Erth           ######       1%          1    None
b - Stone Arrow           Conj/Erth      ######       1%          3    None
d - Dazzling Spray        Conj/Hex       ####..       1%          3    None
l - Lee's Rapid Deconstr  Erth           ######....   1%          5    ###....
s - Sting                 Conj/Pois      ####         1%          1    None
P - Petrify               Tmut/Erth      #####...     1%          4    None

Your spell library contained the following spells:

 Spells                   Type           Power        Failure   Level  Hunger
 Mephitic Cloud           Conj/Pois/Air  ###.....     2%          3    None
 Magic Dart               Conj           ####         1%          1    None
 Summon Butterflies       Summ           ##......     1%          1    None
 Passwall                 Tmut/Erth      #####...     1%          2    None
 Searing Ray              Conj           #####.       1%          2    None
 Throw Flame              Conj/Fire      ####..       1%          2    None
 Iskenderun's Mystic Bla  Conj           #####...     1%          4    None
 Call Canine Familiar     Summ           ##......     5%          3    None
 Vampiric Draining        Necr           ##........   5%          3    None
 Force Lance              Conj/Tloc      ####....     5%          4    None
 Fulminant Prism          Conj/Hex       ####......   5%          4    None
 Summon Ice Beast         Ice/Summ       ##......     16%         4    None
 Fireball                 Conj/Fire      ####......   16%         5    ###....
 Lightning Bolt           Conj/Air       ####......   16%         5    ###....
 Summon Mana Viper        Hex/Summ       ###.....     41%         5    ###....
 Summon Hydra             Summ           ##........   100%        7    ######.


Dungeon Overview and Level Annotations

Branches:
Dungeon (9/15)             Temple (0/1) D:6            Lair (1/6) D:8
    Orc: D:9-12

Altars:
Cheibriados
Dithmenos
Elyvilon
Hepliaklqana
Kikubaaqudgha
Makhleb
Nemelex Xobeh
Ru
Sif Muna
Trog
Vehumet
Xom
Zin
Jiyva

Shops:
D:9 ?

Annotations:
D:9 3 runed translucent doors


Message History

The spiny frog looks more healthy.
The spiny frog closely misses you. The spiny frog stings you.
You hit the spiny frog.
The spiny frog is almost dead.
The spiny frog barely misses you. The spiny frog misses you.
You hit the spiny frog. You burn the spiny frog.
The spiny frog is almost dead.
The spiny frog misses you. The spiny frog stings you!
* * * LOW HITPOINT WARNING * * *
You are poisoned.
The spiny frog poisons you!
You hit the spiny frog but do no damage.
The spiny frog appears confused.
The spiny frog is almost dead.
* * * LOW HITPOINT WARNING * * *
You feel sick.
You hit the spiny frog but do no damage.
The spiny frog is almost dead.
You feel sick. The spiny frog stings you!!
Ouch! That really hurt!
You die...

....?......
..........
..........
###.#..#....
+.......#... #
#...........
#...#.......#
#......@F...+
#...........#
#...#†.#.P..P...
.......=........
................
................
................
................


You could see a spiny frog (berserk).

Vanquished Creatures
  A two-headed ogre (D:9)
  Prince Ribbit (D:7)
  2 hippogriffs (D:9)
  Sigmund (D:6)
  4 yaks
  A spriggan (D:8)
  Duvessa (D:6)
  2 porcupines (D:8)
  4 orc warriors
  A necrophage (D:6)
  A black bear (D:6)
  3 sky beasts
  3 centaurs
  2 ogres
  A crocodile (D:8)
  2 big kobolds
  3 bullfrogs
  Dowan (D:6)
  A gnoll sergeant (D:9)
  3 scorpions
  An electric eel (D:6)
  2 bullfrog zombies
  2 centaur zombies (Ossuary)
  5 crimson imps
  A bullfrog skeleton (D:5)
  4 hounds
  6 jellies (D:9)
  8 orc priests
  5 iguanas
  12 mummies (Ossuary)
  Crazy Yiuf (D:6)
  8 worker ants
  2 killer bee zombies
  3 hound zombies (Ossuary)
  3 worker ant zombies
  9 gnolls
  13 adders
  2 shadow imps
  An ooze (D:3)
  2 adder zombies (Ossuary)
  3 worms
  2 dart slugs
  6 leopard geckos
  30 orcs
  3 ball pythons
  3 giant cockroaches (D:2)
  5 goblins
  5 hobgoblins
  2 jackals (D:1)
  16 kobolds
  3 quokkas
  7 bats
  5 frilled lizards
  3 jackal zombies
  2 leopard gecko zombies
  A quokka skeleton (D:6)
  A quokka zombie (Ossuary)
  6 rats
  A plant (D:6)
232 creatures vanquished.

Vanquished Creatures (others)
  A fungus (D:8)
  A plant (D:8)
2 creatures vanquished.

Grand Total: 234 creatures vanquished

Notes
Turn   | Place    | Note
-------+----------+-------------------------------------------
     0 | D:1      | bli the Deep Elf Earth Elementalist began the quest for the
                  | Orb.
     0 | D:1      | Reached XP level 1. HP: 10/10 MP: 6/6
   243 | D:1      | Reached XP level 2. HP: 13/15 MP: 5/8
  1048 | D:2      | Reached XP level 3. HP: 19/19 MP: 6/10
  1417 | D:2      | Reached skill level 4 in Spellcasting
  1723 | D:2      | Reached XP level 4. HP: 24/24 MP: 9/12
  1936 | D:3      | Learned a level 3 spell: Stone Arrow
  2046 | D:3      | Reached skill level 5 in Earth Magic
  2337 | D:3      | Reached XP level 5. HP: 20/28 MP: 8/14
  2341 | D:3      | Reached skill level 5 in Spellcasting
  2670 | D:3      | Learned a level 5 spell: Lee's Rapid Deconstruction
  2759 | D:3      | Found a glowing silver altar of Zin.
  2759 | D:3      | Found a hazy altar of Hepliaklqana.
  2759 | D:3      | Found a burning altar of Makhleb.
  2760 | D:3      | Found a sacrificial altar of Ru.
  3266 | D:4      | Found a sparkling altar of Nemelex Xobeh.
  3308 | D:4      | Reached XP level 6. HP: 33/33 MP: 13/16
  3345 | D:4      | Found a snail-covered altar of Cheibriados.
  3657 | D:5      | Entered Level 5 of the Dungeon
  3671 | D:5      | Noticed a sky beast
  3679 | D:5      | Killed a sky beast
  3679 | D:5      | Reached skill level 6 in Spellcasting
  3722 | D:5      | Found a sand-covered staircase.
  3732 | Ossuary  | Entered an ossuary
  3858 | Ossuary  | Reached XP level 7. HP: 37/37 MP: 17/19
  3889 | Ossuary  | Reached skill level 1 in Fighting
  3889 | Ossuary  | Reached skill level 7 in Spellcasting
  4328 | D:5      | Found a bloodstained altar of Trog.
  4705 | D:5      | Found a radiant altar of Vehumet.
  4710 | D:5      | Reached skill level 8 in Spellcasting
  4717 | D:5      | Became a worshipper of Vehumet
  4939 | D:5      | Reached XP level 8. HP: 43/43 MP: 19/22
  4975 | D:5      | Found a deep blue altar of Sif Muna.
  5471 | D:6      | Noticed Sigmund
  5475 | D:6      | Killed Sigmund
  5484 | D:6      | Found a staircase to the Ecumenical Temple.
  5495 | D:6      | Noticed Duvessa
  5497 | D:6      | Noticed Dowan
  5504 | D:6      | Killed Duvessa
  5504 | D:6      | Reached skill level 5 in Dodging
  5508 | D:6      | Killed Dowan
  5590 | D:6      | Reached skill level 9 in Spellcasting
  5669 | D:6      | Got a jewelled hand axe
  5670 | D:6      | Identified the +7 hand axe of Plog {freeze, rF+ MP-9 Str+2}
                  | (You found it on level 6 of the Dungeon)
  5702 | D:6      | Found a runed translucent door.
  5703 | D:6      | Noticed Crazy Yiuf
  5707 | D:6      | Killed Crazy Yiuf
  5957 | D:6      | Found a sparkling altar of Nemelex Xobeh.
  6154 | D:6      | Reached XP level 9. HP: 49/49 MP: 17/24
  6254 | D:6      | Learned a level 4 spell: Petrify
  6296 | D:7      | Found a bloodstained altar of Trog.
  6530 | D:7      | Learned a level 3 spell: Dazzling Spray
  6534 | D:7      | Noticed Prince Ribbit
  6545 | D:7      | Found an ancient bone altar of Kikubaaqudgha.
  6555 | D:7      | Killed Prince Ribbit
  6555 | D:7      | Reached skill level 1 in Staves
  6603 | D:7      | Reached * piety under Vehumet
  6603 | D:7      | Offered knowledge of Shock by Vehumet.
  6603 | D:7      | Reached skill level 10 in Spellcasting
  6858 | D:7      | Identified the Reference Book on Destructive Necromancy
  6937 | D:7      | Reached skill level 1 in Conjurations
  7335 | D:8      | Found a shimmering altar of Xom.
  7335 | D:8      | Found a shimmering altar of Xom.
  7335 | D:8      | Found a shimmering altar of Xom.
  7336 | D:8      | Found a shimmering altar of Xom.
  7337 | D:8      | Found a shimmering altar of Xom.
  7339 | D:8      | Found a shimmering altar of Xom.
  7339 | D:8      | Found a shimmering altar of Xom.
  7796 | D:8      | Reached ** piety under Vehumet
  7804 | D:8      | Offered knowledge of Sting by Vehumet.
  7808 | D:8      | Reached skill level 11 in Spellcasting
  7868 | D:8      | Found a staircase to the Lair.
  7969 | D:8      | Reached XP level 10. HP: 55/55 MP: 27/27
  8054 | D:9      | Found Yremanif's Magic Scroll Shop.
  8059 | D:9      | Found a viscous altar of Jiyva.
  8140 | D:9      | Noticed a two-headed ogre
  8147 | D:9      | Killed a two-headed ogre
  8152 | D:9      | Reached skill level 10 in Earth Magic
  8184 | D:9      | Learned a level 1 spell: Sting
  8223 | D:9      | Reached skill level 5 in Stealth
  8351 | D:9      | Bought a scroll of fear for 56 gold pieces
  8351 | D:9      | Bought a scroll of remove curse for 48 gold pieces
  8437 | D:9      | Offered knowledge of Mephitic Cloud by Vehumet.
  8464 | D:9      | Reached skill level 12 in Spellcasting
  8806 | D:9      | Reached skill level 5 in Conjurations
  8891 | D:9      | Found the +8 longbow "Zephyr" {speed, Dex+3 SInv}
  8971 | D:9      | Upgraded the game from 0.24-a0-189-g5d897e9 to
                  | 0.24-a0-201-gf205589
  8985 | D:9      | Found a runed translucent gate.
  8985 | D:9      | Found a runed translucent gate.
  8985 | D:9      | Found a runed translucent gate.
  8985 | D:9      | Noticed a red ugly thing
  8986 | D:9      | Noticed a red ugly thing
  8986 | D:9      | Noticed a cyan ugly thing
  8988 | D:9      | Noticed a white ugly thing
  9130 | D:9      | Found a shadowy altar of Dithmenos.
  9130 | D:9      | Found a white marble altar of Elyvilon.
  9304 | Lair:1   | Entered Level 1 of the Lair of Beasts
  9304 | Lair:1   | Noticed a spiny frog
  9317 | Lair:1   | Annihilated by a spiny frog

Levels and vault maps discovered:
D:1:      minmay_arrival_plants_in_alcoves, layout_loops_corners
D:2:      layout_basic, first_ration
D:3:      layout_basic, grunt_temple_overflow_open, corexii_hall_statues_u
D:4:      layout_cave_pods, nemelex_xobeh_ov_fountains_minmay,
          cheibriados_altar_1
D:5:      layout_loops_corners, vehumet_crystals, old_standard_altar,
          basic_altar, portal_sewer_entry_b, chequers_ossuary_entry_cave,
          serial_glass, glass_columns_a, glass_columns_c, glass_columns_b,
          glass_columns_c, glass_columns_b
D:6:      black_bear_nest_2, layout_rooms, minmay_temple_entry_hall,
          serial_bayou, serial_bayou_pond_a, serial_bayou_pond_b,
          serial_bayou_lagoon_a, serial_bayou_crossing,
          nemelex_lonely_heart_becter, uniq_duvessa, uniq_crazy_yiuf_cottage,
          uniq_sigmund
D:7:      layout_gridville, lemuel_crystal_altar, kennysheep_mini,
          hangedman_decor_points, uniq_prince_ribbit1
D:8:      layout_loops_ring, grunt_lair_entry_orc_guard_hut, the_bakery,
          nicolae_xom_altar_mimics
D:9:      layout_basic, gammafunk_temple_overflow_wave, serial_shops, shop,
          ploomutoo_gammafunk_ghost_potion_laboratory, jiyva_altar_1
Lair:1:   minmay_lair_oklob_tunnel, layout_regular_city, enter_volcano_3
Ossuary:  ossuary_zaba_flooded

Skill      XL: |  1  2  3  4  5  6  7  8  9 10 |
---------------+-------------------------------+-----
Earth Magic    | 4 5 6 7 8 9 10 | 10.3
Spellcasting   | 4 5 6 8 9 11 12 | 12.3
Dodging        | 3 4 5 6 |  6.3
Fighting       | 1 2 3 |  3.0
Stealth        | 3 4 5 |  5.3
Staves         | 2 |  2.8
Conjurations   | 3 5 |  5.5
Hexes          | |  0.1
Transmutations | |  1.1
Poison Magic   | |  0.5
Evocations     | |  0.2

Action                   |  1- 3 |  4- 6 |  7- 9 | 10-12 || total
-------------------------+-------+-------+-------+-------++-------
Melee: Unarmed           |     5 |       |       |       ||     5
       Dagger            |    49 |    43 |    66 |       ||   158
       Rapier            |       |       |    53 |       ||    53
       Quarterstaff      |       |       |    33 |    19 ||    52
Throw: Stone             |       |     1 |     3 |       ||     4
 Cast: Sandblast         |    38 |    62 |   137 |    18 ||   255
       Lee's Rapid Decon |       |       |    13 |     8 ||    21
       Stone Arrow       |       |       |    22 |    17 ||    39
       Sting             |       |       |       |    27 ||    27
       Dazzling Spray    |       |       |       |     4 ||     4
Evoke: Wand              |       |       |     2 |       ||     2
  Use: Scroll            |       |       |       |     1 ||     1
 Stab: Sleeping          |     5 |     5 |     3 |       ||    13
       Distracted        |       |       |     1 |       ||     1
       Invisible         |       |       |       |     1 ||     1
  Eat: Chunk             |     2 |     7 |    12 |     3 ||    24
       Ration            |       |       |     1 |     1 ||     2
Armor: Robe              |    19 |    14 |    35 |     7 ||    75
Dodge: Dodged            |    55 |    40 |   131 |    20 ||   246

Table legend:
 A = Non-vault XP
 B = Vault XP
 C = Vault XP percentage of total XP
 D = Non-vault monster count
 E = Vault monster count
 F = Vault count percentage of total count
                 A         B        C        D         E       F
            +---------+---------+-------+---------+---------+-------
      Total |    6314 |    2547 |  28.7 |     183 |      48 |  20.8
            +---------+---------+-------+---------+---------+-------
        D:1 |      36 |       0 |   0.0 |      20 |       0 |   0.0
        D:2 |      85 |       0 |   0.0 |      19 |       0 |   0.0
        D:3 |      91 |       0 |   0.0 |      19 |       0 |   0.0
        D:4 |     178 |       0 |   0.0 |       9 |       0 |   0.0
        D:5 |     567 |       4 |   0.7 |      22 |       4 |  15.4
        D:6 |     487 |     737 |  60.2 |       8 |       7 |  46.7
        D:7 |    1097 |     283 |  20.5 |      30 |       1 |   3.2
        D:8 |     899 |     715 |  44.3 |      24 |       5 |  17.2
        D:9 |    2784 |     174 |   5.9 |      31 |       4 |  11.4
     Lair:1 |      90 |       0 |   0.0 |       1 |       0 |   0.0
    Ossuary |       0 |     634 | 100.0 |       0 |      27 | 100.0
            +---------+---------+-------+---------+---------+-------
